Map: Kairos Junction LE

Players

Fuego - Winner!

  • Race: Terran Terran
  • League: Grandmaster
  • Spawn Location: 5:00

Demi

  • Race: Zerg Zerg
  • League: Grandmaster
  • Spawn Location: 11:00

VOD

Have the link to the VOD?

Description

Time

  • Played on: Feb. 28, 2019, 2:28 a.m.
  • Length: 12:49
Show
View Real Time Build Order
Export as new Build Order

Fuego Terran - Winner!

Build Orders: Liberator Opening 

Get SALT Encoding   

  12  0:01  SCV  
  13  0:13  SCV  
  14  0:17  Supply Depot  
  14  0:25  SCV  
  15  0:37  Refinery  
  15  0:38  SCV  
  16  0:47  Barracks  
  16  0:51  SCV  
  17  1:03  SCV  
  18  1:15  SCV  
  19  1:27  SCV  
  20  1:34  Reaper  
  21  1:40  Orbital Command  
  21  1:50  Command Center  
  21  2:04  Factory  
  21  2:06  SCV  
  22  2:09  Marine  
  23  2:16  Supply Depot  
  23  2:20  SCV  
  23  2:27  Barracks Reactor, Refinery  
  23  2:38  SCV  
  24  2:50  SCV  
  25  2:52  Starport  
  25  3:00  Widow Mine  
  25  3:02  SCV, Orbital Command  
  25  3:04  Marine x2  
  30  3:12  Liberator  
  30  3:14  SCV  
  30  3:23  Marine x2  
  32  3:27  Factory Tech Lab  
  32  3:33  SCV  
  36  3:41  Marine x2  
  38  3:53  Siege Tank  
  38  3:54  SCV  
  38  3:55  SCV  
  43  4:00  Supply Depot, Marine x2  
  45  4:07  SCV  
  46  4:21  SCV, Medivac  
  46  4:22  Command Center  
  46  4:24  Marine x2  
  49  4:27  SCV  
  52  4:37  Siege Tank  
  52  4:38  SCV  
  56  4:39  SCV  
  56  4:42  Supply Depot  
  57  4:49  Marine x2  
  57  4:50  SCV  
  60  4:55  SCV  
  61  5:02  Supply Depot  
  61  5:04  Medivac  
  63  5:09  SCV  
  63  5:13  Supply Depot  
  64  5:21  SCV  
  65  5:22  SCV  
  65  5:25  Supply Depot  
  66  5:29  Marine  
  66  5:31  Barracks x2  
  66  5:33  SCV, Orbital Command  
  66  5:34  Factory Tech Lab  
  68  5:38  Starport Reactor  
  68  5:48  SCV  
  69  6:01  Marine x2  
  69  6:02  SCV x2, Siege Tank  
  76  6:04  Engineering Bay  
  76  6:05  Engineering Bay  
  76  6:06  Refinery  
  76  6:09  Refinery  
  75  6:11  Supply Depot  
  75  6:14  SCV x2  
  75  6:15  SCV  
  69  6:34  Marine  
  69  6:35  Marine  
  69  6:39  SCV, Orbital Command  
  68  6:40  SCV  
  68  6:43  Marine  
  68  6:52  SCV, Starport Reactor  
  69  6:55  SCV  
  69  6:56  Terran Infantry Weapons Level 1, Terran Infantry Armor Level 1  
  69  6:57  Marine x2  
  69  6:58  Marine, Siege Tank  
  69  7:00  Stimpack  
  73  7:01  Barracks  
  73  7:04  Barracks, SCV  
  73  7:07  SCV  
  75  7:21  SCV x2  
  72  7:24  Supply Depot, Marine x2  
  72  7:25  SCV, Armory  
  75  7:30  Siege Tank  
  75  7:31  Marine x2  
  75  7:33  SCV, Marine  
  75  7:35  SCV  
  83  7:38  SCV  
  83  7:41  Marine  
  83  7:42  Barracks  
  85  7:45  Barracks, SCV  
  85  7:46  Barracks  
  85  7:49  Marine x2  
  88  7:52  Barracks Reactor x2  
  88  7:54  SCV x2  
  90  8:00  Supply Depot  
  90  8:02  Siege Tank  
  92  8:09  Marine  
  92  8:10  Marine x3  
  92  8:12  Marine  
  97  8:16  Medivac  
  97  8:17  Medivac  
  101  8:21  Supply Depot  
  101  8:27  Marine  
  101  8:28  Marine x3  
  101  8:30  Marine  
  101  8:32  Terran Vehicle Weapons Level 1  
  101  8:33  Marine x2  
  101  8:34  Marine x5, Siege Tank  
  115  8:45  Marine x4  
  115  8:48  Marine  
  120  8:51  Marine x7  
  127  8:56  Medivac x2  
  127  8:59  Terran Infantry Weapons Level 2  
  127  9:02  Supply Depot  
  131  9:03  Marine x4  
  131  9:05  Terran Infantry Armor Level 2  
  131  9:06  Marine  
  131  9:09  Marine x5  
  141  9:16  Combat Shield  
  141  9:24  Marine x7  
  148  9:27  Marine  
  148  9:31  Marine x4  
  149  9:37  Siege Tank  
  146  9:41  Marine x4  
  105  9:57  Marine  
  105  9:58  Marine x7  
  105  9:59  Marine x3  
  115  10:03  Marine  
  116  10:09  Siege Tank  
  119  10:15  Marine x6  
  119  10:16  Marine x2  
  119  10:17  Marine  
  119  10:19  Marine  
  119  10:20  Marine  
  119  10:21  Marine  
  130  10:33  Marine x8  
  130  10:35  Marine  
  139  10:37  Marine x2  
  139  10:39  Marine  
  139  10:41  Siege Tank  
  145  10:51  Marine x3  
  139  11:00  Marine x7  
  139  11:01  Marine x2  
  148  11:06  Command Center  
  148  11:09  Marine  
  149  11:17  Supply Depot  
  149  11:18  Supply Depot  
  149  11:20  Supply Depot, Refinery  
  149  11:21  Refinery  
  149  11:33  Barracks Tech Lab  
  149  11:34  Barracks Tech Lab  
  149  11:38  Marine  
  149  11:39  SCV x2, Medivac, Siege Tank  
  157  11:40  Concussive Shells  
  157  11:41  Marauder  
  159  11:50  SCV  
  159  11:52  Supply Depot, Marauder, Marine  
  159  11:53  Marauder  
  165  12:02  Marauder, Marine x6  
  165  12:08  Marine  
  173  12:09  Marine  
  173  12:10  Marine  
  173  12:14  Siege Tank  
  171  12:17  Marine x2  
  171  12:20  Marine x6  
  179  12:23  Marine  
  179  12:37  Missile Turret  
  179  12:38  Missile Turret  
  179  12:39  Missile Turret  
  179  12:42  Missile Turret  
Show
View Real Time Build Order
Export as new Build Order

Demi Zerg 

Build Orders: Pool First 

Get SALT Encoding   

  12  0:01  Drone  
  13  0:12  Overlord  
  13  0:18  Drone  
  14  0:32  Drone x2  
  16  0:40  Drone  
  17  0:45  Spawning Pool  
  17  0:49  Drone  
  17  0:54  Extractor  
  16  0:57  Drone  
  17  1:11  Drone  
  18  1:19  Hatchery  
  17  1:31  Drone  
  17  1:32  Queen  
  20  1:37  Zergling x2  
  21  1:51  Drone, Roach Warren  
  21  2:05  Overlord  
  21  2:16  Overlord  
  21  2:27  Drone  
  22  2:31  Roach  
  22  2:32  Roach  
  22  2:35  Roach  
  28  2:37  Queen  
  28  2:42  Roach  
  32  2:47  Drone  
  33  2:52  Ravager  
  33  2:54  Ravager, Drone  
  33  2:55  Drone  
  37  2:59  Drone  
  37  3:05  Overlord  
  38  3:12  Drone  
  39  3:13  Drone  
  40  3:21  Drone  
  40  3:22  Drone x3  
  40  3:23  Ravager  
  44  3:34  Drone x2  
  43  3:44  Drone x4  
  43  3:45  Drone  
  48  3:52  Drone x3  
  48  3:53  Drone  
  49  4:01  Overlord  
  49  4:04  Drone  
  49  4:09  Drone  
  51  4:11  Metabolic Boost  
  51  4:20  Queen x2  
  51  4:23  Spore Crawler  
  54  4:27  Spore Crawler  
  54  4:28  Hatchery  
  54  4:30  Drone x3  
  54  4:31  Drone  
  56  4:35  Overlord  
  56  4:40  Drone x4  
  60  4:56  Overlord  
  60  4:57  Overlord x2  
  60  5:13  Extractor  
  59  5:15  Evolution Chamber x2  
  59  5:16  Drone x3  
  59  5:17  Drone x4  
  64  5:24  Queen  
  66  5:30  Drone x2  
  66  5:32  Drone x3  
  71  5:38  Zergling x2, Roach x2  
  76  5:43  Zerg Ground Armor Level 1  
  76  5:48  Ravager  
  77  5:50  Roach  
  77  5:51  Zergling x4  
  77  5:56  Overlord x2  
  81  6:00  Zergling x2  
  82  6:09  Queen  
  82  6:14  Zergling x2  
  82  6:25  Zergling x6  
  76  6:26  Zergling x16  
  84  6:36  Zergling x2  
  84  6:37  Zergling x6  
  84  6:38  Queen  
  79  6:40  Queen  
  75  6:52  Zergling x2  
  75  6:53  Roach x5  
  77  7:03  Zergling x6  
  80  7:13  Zergling x2, Roach x3  
  80  7:14  Zergling x4  
  87  7:18  Extractor  
  87  7:19  Extractor  
  87  7:20  Lair  
  82  7:28  Zerg Melee Weapons Level 1  
  82  7:29  Baneling Nest  
  81  7:30  Extractor  
  81  7:31  Extractor  
  81  7:33  Drone x3, Hatchery  
  81  7:34  Drone x2, Overlord  
  83  7:38  Queen  
  83  7:42  Drone x4  
  89  7:45  Drone  
  90  7:51  Drone x2  
  90  7:52  Drone x2  
  90  7:56  Drone x3  
  97  8:00  Roach x3  
  103  8:06  Overlord  
  103  8:14  Zergling x4  
  103  8:16  Overlord x2  
  105  8:20  Centrifical Hooks  
  105  8:21  Drone  
  105  8:23  Overlord x3  
  106  8:29  Zerg Ground Armor Level 2  
  106  8:31  Overlord x4  
  107  8:34  Ravager x2  
  107  8:36  Baneling x5  
  107  8:37  Baneling x6  
  107  8:38  Zergling x8  
  112  8:45  Ravager x2  
  114  8:53  Zergling x2  
  114  8:54  Zergling x16  
  121  9:05  Pneumatized Carapace  
  121  9:06  Drone x3  
  121  9:08  Baneling x4  
  121  9:09  Zergling x4, Hatchery  
  126  9:10  Zergling x4  
  126  9:11  Zergling x2  
  127  9:23  Zerg Melee Weapons Level 2  
  127  9:30  Zergling x8  
  127  9:31  Zergling x22  
  141  9:36  Zergling x2  
  141  9:37  Zergling x6  
  142  9:44  Zergling x2  
  142  9:45  Zergling x2  
  114  9:54  Zergling x12  
  108  10:01  Baneling x5  
  108  10:03  Ravager  
  108  10:04  Zergling x4  
  108  10:05  Zergling x14  
  118  10:15  Spire  
  118  10:19  Zergling x10  
  121  10:29  Zergling x2  
  121  10:30  Zergling x16  
  130  10:37  Zergling x6  
  130  10:39  Overseer  
  133  10:44  Roach x2  
  133  10:45  Roach x2  
  133  10:49  Baneling  
  138  10:50  Baneling x5  
  135  11:04  Hatchery  
  134  11:11  Overlord x2  
  134  11:26  Hatchery  
  134  11:27  Mutalisk  
  134  11:28  Mutalisk x10  
  134  11:32  Baneling x6  
  155  11:33  Baneling x8  
  155  11:39  Mutalisk  
  149  11:49  Mutalisk x2  
  145  12:12  Mutalisk  
  145  12:13  Mutalisk  
  145  12:30  Hatchery  
Tags
 
Add a new tag
Caveats
  • Supply blocks, unpowered buildings, or Contaminate may cause inaccurate times.
  • Supply counts are checked every 10 seconds.